Map: Galactic Process LE

Players

Neeblet (Neeb)

  • Race: Protoss Protoss
  • League: Master

MarineLorD - Winner!

  • Race: Terran Terran
  • League: Master

Event: DreamHack ZOWIE Open Valencia 2016

VOD

Have the link to the VOD?

Description

Time

  • Played on: July 16, 2016, 8:52 a.m.
  • Length: 11:19

All games in this series

Show
View Real Time Build Order
Export as new Build Order

Neeblet Protoss 

Build Orders:  

Get SALT Encoding   

  12  0:00  Probe (Chrono Boost)  
  13  0:11  Probe (Chrono Boost)  
  14  0:18  Pylon  
  14  0:22  Probe (Chrono Boost)  
  15  0:37  Probe (Chrono Boost), Gateway  
  16  0:47  Probe (Chrono Boost)  
  17  0:58  Probe (Chrono Boost)  
  17  0:59  Assimilator  
  18  1:08  Probe (Chrono Boost)  
  19  1:19  Pylon  
  19  1:20  Probe (Chrono Boost)  
  19  1:21  Zealot  
  19  1:25  Cybernetics Core  
  22  1:32  Probe (Chrono Boost)  
  23  1:35  Assimilator  
  23  1:43  Probe (Chrono Boost)  
  25  1:54  Probe (Chrono Boost)  
  25  1:59  Adept  
  25  2:00  Warp Gate  
  25  2:06  Probe (Chrono Boost)  
  28  2:18  Nexus  
  29  2:23  Probe (Chrono Boost)  
  29  2:34  Pylon  
  29  2:35  Mothership Core (Chrono Boost)  
  31  2:47  Robotics Facility  
  31  2:53  Probe (Chrono Boost)  
  32  3:04  Probe (Chrono Boost)  
  33  3:08  Adept  
  35  3:15  Probe (Chrono Boost)  
  36  3:25  Probe (Chrono Boost)  
  37  3:31  Warp Prism, Probe (Chrono Boost)  
  38  3:35  Robotics Bay  
  38  3:37  Probe (Chrono Boost)  
  41  3:42  Probe (Chrono Boost)  
  45  3:50  Probe (Chrono Boost)  
  45  3:52  Probe (Chrono Boost)  
  46  4:02  Probe (Chrono Boost), Gateway  
  45  4:03  Probe (Chrono Boost)  
  45  4:04  Gateway  
  45  4:05  Observer  
  47  4:13  Probe (Chrono Boost)  
  47  4:14  Probe (Chrono Boost)  
  47  4:15  Twilight Council  
  47  4:24  Stalker  
  47  4:26  Probe x2 (Chrono Boost)  
  51  4:33  Disruptor  
  52  4:49  Pylon  
  52  4:50  Probe (Chrono Boost)  
  52  4:51  Gravitic Drive  
  52  4:52  Probe (Chrono Boost)  
  54  5:04  Pylon  
  53  5:10  Stalker x2  
  57  5:18  Stalker  
  59  5:25  Probe (Chrono Boost)  
  59  5:28  Probe (Chrono Boost)  
  59  5:35  Stalker  
  59  5:39  Probe (Chrono Boost)  
  59  5:42  Assimilator  
  62  5:43  Assimilator  
  62  5:46  Disruptor  
  62  5:47  Probe (Chrono Boost)  
  67  5:51  Probe (Chrono Boost)  
  67  5:55  Blink  
  67  5:57  Probe (Chrono Boost)  
  67  6:03  Probe (Chrono Boost)  
  67  6:09  Probe (Chrono Boost)  
  68  6:15  Probe (Chrono Boost)  
  69  6:18  Pylon x2  
  69  6:25  Gateway  
  69  6:27  Gateway  
  69  6:30  Gateway x2  
  69  6:31  Disruptor  
  68  6:36  Pylon  
  67  6:48  Stalker x2  
  67  6:49  Stalker  
  72  6:58  Probe x2 (Chrono Boost)  
  72  7:04  Disruptor  
  72  7:14  Nexus  
  75  7:18  Pylon  
  75  7:23  Pylon  
  75  7:27  Stalker x2  
  79  7:33  Pylon  
  71  7:38  Stalker, Sentry, Disruptor  
  71  7:42  Probe (Chrono Boost)  
  71  7:43  Probe (Chrono Boost)  
  79  7:50  Stalker  
  81  7:57  Stalker  
  81  7:58  Stalker  
  82  8:06  Stalker x2  
  82  8:07  Stalker  
  82  8:11  Probe (Chrono Boost)  
  79  8:14  Probe (Chrono Boost)  
  67  8:22  Stalker x2  
  67  8:23  Probe (Chrono Boost)  
  67  8:25  Stalker  
  67  8:26  Probe (Chrono Boost)  
  75  8:27  Probe (Chrono Boost)  
  75  8:28  Warp Prism  
  79  8:35  Sentry  
  82  8:44  Stalker x2, Resonating Glaives  
  82  8:45  Sentry  
  86  8:52  Pylon  
  86  8:53  Pylon  
  86  8:57  Pylon  
  86  8:59  Disruptor  
  87  9:19  Stalker x2  
  87  9:20  Stalker  
  87  9:22  Probe (Chrono Boost)  
  87  9:23  Assimilator x2, Probe x2 (Chrono Boost)  
  96  9:24  Pylon  
  96  9:30  Disruptor  
  96  9:32  Probe (Chrono Boost)  
  96  9:35  Probe x2 (Chrono Boost)  
  96  9:36  Adept x2  
  106  9:46  Stalker x2  
  106  9:51  Adept x2  
  101  10:01  Stalker x2, Probe (Chrono Boost)  
  99  10:09  Probe (Chrono Boost)  
  99  10:10  Probe (Chrono Boost)  
  101  10:14  Adept x2  
  101  10:15  Adept x2  
  101  10:16  Disruptor  
  112  10:32  Pylon  
  112  10:34  Pylon  
  112  10:35  Stalker x5  
  118  10:36  Adept  
  110  10:54  Adept  
  93  10:58  Adept x4  
  93  10:59  Adept  
  93  11:01  Stalker  
Show
View Real Time Build Order
Export as new Build Order

MarineLorD Terran - Winner!

Build Orders: Liberator Opening, Reaper Expand, MMM Bio 

Get SALT Encoding   

  12  0:00  SCV  
  13  0:12  SCV  
  14  0:17  Supply Depot  
  14  0:25  SCV  
  15  0:38  SCV  
  15  0:42  Barracks  
  16  0:47  Refinery  
  16  0:50  SCV  
  17  1:02  SCV  
  18  1:09  Engineering Bay  
  18  1:15  SCV  
  19  1:28  Orbital Command  
  19  1:29  Reaper  
  20  1:54  Command Center  
  20  1:58  SCV  
  21  2:01  Marine  
  22  2:11  SCV  
  22  2:14  Supply Depot, Factory  
  23  2:35  Marine  
  23  2:36  SCV  
  23  2:37  Refinery  
  25  2:48  SCV  
  26  2:59  Barracks Reactor  
  26  3:00  SCV  
  26  3:01  Starport  
  26  3:05  Widow Mine  
  27  3:08  Orbital Command  
  27  3:12  SCV, Bunker  
  30  3:24  SCV  
  31  3:34  Marine x2  
  31  3:35  SCV  
  31  3:36  Widow Mine, SCV  
  31  3:37  Medivac  
  39  3:46  Supply Depot  
  39  3:48  SCV  
  39  3:50  SCV  
  39  3:51  Liberator  
  39  3:52  Marine x2  
  43  4:00  SCV  
  43  4:02  SCV  
  44  4:04  Supply Depot  
  47  4:13  SCV, Marine x2  
  47  4:14  Supply Depot, SCV  
  51  4:25  SCV  
  51  4:26  SCV  
  53  4:33  Marine x2  
  53  4:34  Liberator  
  53  4:37  SCV, Barracks  
  54  4:38  SCV, Barracks  
  55  4:49  SCV  
  55  4:50  SCV  
  60  4:55  Marine x2  
  60  5:01  SCV  
  60  5:02  SCV  
  62  5:07  Command Center  
  62  5:11  Supply Depot  
  62  5:13  SCV  
  63  5:15  SCV  
  63  5:17  Marine x2  
  66  5:23  Engineering Bay  
  66  5:24  Supply Depot  
  66  5:25  SCV  
  66  5:27  SCV  
  68  5:34  Barracks Tech Lab x2  
  68  5:37  SCV, Refinery  
  68  5:38  Refinery  
  68  5:39  SCV  
  70  5:43  Factory Reactor  
  70  5:49  SCV  
  71  5:51  SCV  
  71  5:54  Marine x2  
  71  5:55  Marine x2, Combat Shields  
  71  5:56  Stimpack  
  76  6:01  SCV  
  76  6:03  SCV, Missile Turret  
  68  6:08  Missile Turret  
  68  6:13  Terran Infantry Weapons Level 1  
  68  6:14  SCV, Marauder x2  
  68  6:15  SCV  
  68  6:16  Marine x2  
  76  6:25  Orbital Command  
  76  6:26  SCV  
  76  6:27  SCV  
  76  6:28  Factory Reactor  
  78  6:33  Missile Turret  
  78  6:35  Marauder  
  78  6:36  Supply Depot  
  78  6:38  SCV  
  78  6:39  SCV, Marauder  
  84  6:47  Marine x2  
  84  6:48  Orbital Command  
  84  6:51  SCV  
  87  6:55  SCV, Barracks  
  87  6:57  Marauder, Barracks  
  87  7:03  SCV  
  87  7:05  Supply Depot  
  87  7:07  SCV  
  86  7:08  Marauder  
  86  7:11  Marine x2  
  86  7:15  SCV, Medivac  
  90  7:16  Concussive Shells  
  90  7:19  SCV x2  
  93  7:25  Marauder  
  93  7:29  Widow Mine x2  
  95  7:31  SCV  
  95  7:34  Marine, Marauder  
  103  7:38  Supply Depot  
  103  7:40  Marine  
  103  7:43  SCV  
  104  7:45  Medivac x2  
  104  7:47  SCV  
  109  7:52  Marine, Marauder  
  109  7:53  Barracks Reactor, Barracks Tech Lab  
  109  7:55  SCV  
  113  7:59  SCV  
  113  8:00  Marine, Marauder  
  116  8:07  SCV  
  116  8:08  SCV  
  116  8:10  Marine  
  116  8:11  SCV  
  108  8:14  Marauder x2  
  108  8:15  Medivac x2  
  109  8:20  SCV  
  109  8:22  Marine, Marauder  
  109  8:24  Refinery x2  
  109  8:25  Starport  
  106  8:28  Marine  
  106  8:30  Liberator  
  106  8:32  SCV  
  108  8:35  Marine x3, Marauder  
  108  8:39  Barracks  
  108  8:40  Supply Depot, Terran Infantry Armor Level 1, Bunker, Barracks  
  108  8:41  Marine, Missile Turret  
  113  8:42  Supply Depot  
  113  8:43  Marauder  
  113  8:44  SCV  
  113  8:45  Liberator  
  120  8:49  SCV  
  120  8:52  SCV  
  120  8:54  Marine, Marauder  
  125  9:02  SCV x2, Marauder, Starport Tech Lab  
  132  9:05  Marine, Marauder  
  132  9:09  Marine  
  134  9:11  Marine  
  134  9:13  Marine  
  134  9:16  Marauder  
  137  9:20  Fusion Core  
  137  9:22  Marine  
  137  9:24  Marauder  
  139  9:26  Marauder  
  141  9:34  Supply Depot  
  141  9:35  Supply Depot x2  
  141  9:37  Supply Depot, Marine  
  141  9:38  Supply Depot, Marauder  
  144  9:41  Marine  
  144  9:44  Marine  
  144  9:45  Marauder  
  148  9:47  Marauder  
  148  9:48  Marine  
  149  9:54  Marine  
  149  9:59  Marauder  
  146  10:01  Marine x2  
  146  10:02  Marine x2  
  146  10:03  Liberator  
  146  10:06  Marauder  
  148  10:09  Marauder  
  148  10:10  Marine  
  148  10:11  Marine  
  148  10:12  Liberator  
  148  10:13  Liberator  
  141  10:19  Marine x2  
  148  10:24  Marine  
  147  10:29  Armory  
  147  10:31  Marine, Engineering Bay  
  147  10:33  Command Center  
  147  10:34  Marine x2  
  147  10:35  Marine x2  
  156  10:39  Marine x2, Marauder  
  162  10:43  Marine  
  162  10:49  Marine  
  161  10:52  Marine x2  
  161  10:53  Marine, Marauder  
  161  10:57  Marine  
  149  11:00  Marine  
  149  11:01  Marine  

Tags
 
Add a new tag
Caveats
  • Supply blocks, unpowered buildings, or Contaminate may cause inaccurate times.
  • Supply counts are checked every 10 seconds.